 Dungeon Crawl Stone Soup version 0.29-a0-397-g846e4a0bbc (webtiles) character file.

Game seed: 8664477920796631278

60 MordorOrchid the Magician (level 4, -1/32 HPs)
             Began as a Djinni Conjurer on May 11, 2022.
             Shot with an arrow by a centaur (13 damage)
             ... on level 3 of the Dungeon.
             The game lasted 00:02:37 (2075 turns).

MordorOrchid the Magician (Djinni Conjurer)         Turns: 2075, Time: 00:02:38

Health: -1/32      AC:  2    Str:  6    XL:     4   Next: 25%
Gold:   69         EV: 12    Int: 22    God:
                   SH:  0    Dex: 11

rFire   + + .      SeeInvis .   e - +0 dagger
rCold   x . .      Faith    .   (no shield)
rNeg    . . .      Spirit   .   a - +0 robe
rPois   ∞          Reflect  .   (no helmet)
rElec   .          Harm     .   (no cloak)
rCorr   .          Rampage  .   (no gloves)
Will    .....                   (boots unavailable)
Stlth   ++........              (no amulet)
HPRegen 0.10/turn               (no ring)
MPRegen 0.00/turn               (no ring)

@: flying
A: sickness immunity, fire resistance 2, cold vulnerability 1, float, innate
caster, HP casting, extra vitality 1
a: no special abilities


You were on level 3 of the Dungeon.
You visited 1 branch of the dungeon, and saw 3 of its levels.

You collected 69 gold pieces.

Inventory:

Hand Weapons
 e - a +0 dagger (weapon)
Missiles
 l - 129 stones
Armour
 a - a +0 robe (worn)
Scrolls
 c - a scroll of teleportation
 f - a scroll of identify {unknown}
 g - a scroll of fear {unknown}
 h - a scroll of fog {unknown}
 i - a scroll of poison
 j - a scroll of immolation {unknown}
 k - 2 scrolls of enchant armour {unknown}
 o - a scroll of magic mapping {unknown}
Potions
 b - a potion of curing {unknown}
 d - a potion of flight {unknown}
 m - a potion of mutation {unknown}
 n - a potion of resistance {unknown}


   Skills:
 * Level 1.1 Fighting
 * Level 2.8 Dodging
 - Level 1.5 Stealth
 + Level 4.0 Spellcasting


You couldn't memorise any spells.
You knew the following spells:

 Your Spells              Type           Power      Damage    Failure   Level
a - Magic Dart            Conj           88%        1d7       2%          1
b - Searing Ray           Conj           44%        2d6       3%          2
c - Dazzling Flash        Conj/Hex       44%        N/A       6%          3
d - Fulminant Prism       Conj/Hex       11%        3d9       22%         4
e - Iskenderun's Mystic   Conj/Tloc      22%        2d6       22%         4
f - Animate Skeleton      Necr           44%        N/A       2%          1
Your spell library was empty.

Dungeon Overview and Level Annotations

Branches:
Dungeon (3/15)

Altars:

Shops:
D:1 *


Innate Abilities, Weirdness & Mutations

You are immune to sickness and miasma.
You are immune to poison.
Your flesh is very heat resistant. (rF++)
You are vulnerable to cold. (rC-)
You float through the air rather than walking.
You learn spells naturally, not from books.
Your magical power is your life essence.
You have superior vitality. (+4 MHP)


Message History

The centaur shouts!
You hear an angry hiss.
The centaur wields a +0 shortbow.
The centaur shoots an arrow.
The arrow hits you.
Unknown command.
Casting: Magic Dart (safe; 2% risk of failure)
Confirm with . or Enter, or press ? or * to list all spells.
Aiming: Magic Dart (safe; 2% risk of failure)
Press: ? - help, Shift-Dir - straight line, f - centaur
Aim: a centaur, wielding a +0 shortbow (100% to hit)
The magic dart hits the centaur.
The centaur is lightly wounded.
The centaur shoots an arrow.
The arrow misses you.
An adder comes into view.
Casting: Magic Dart (safe; 2% risk of failure)
Confirm with . or Enter, or press ? or * to list all spells.
Aiming: Magic Dart (safe; 2% risk of failure)
Press: ? - help, Shift-Dir - straight line, f/p - centaur
Aim: a centaur, wielding a +0 shortbow (lightly wounded, 100% to hit)
The magic dart hits the centaur.
The centaur is moderately wounded.
The centaur shoots an arrow.
The arrow hits you.
Casting: Magic Dart (safe; 2% risk of failure)
Confirm with . or Enter, or press ? or * to list all spells.
Aiming: Magic Dart (safe; 2% risk of failure)
Press: ? - help, Shift-Dir - straight line, f/p - centaur
Aim: a centaur, wielding a +0 shortbow (moderately wounded, 100% to hit)
The magic dart hits the centaur.
The centaur is moderately wounded.
The centaur shoots an arrow.
The arrow hits you.
The centaur shoots an arrow.
The arrow closely misses you.
A giant cockroach comes into view.
Casting: Magic Dart (safe; 2% risk of failure)
Confirm with . or Enter, or press ? or * to list all spells.
Aiming: Magic Dart (safe; 2% risk of failure)
Press: ? - help, Shift-Dir - straight line, f/p - centaur
Aim: a centaur, wielding a +0 shortbow (moderately wounded, 100% to hit)
The magic dart hits the centaur.
The centaur is severely wounded.
The centaur shoots an arrow.
The arrow hits you!
You die...

#......
....... #
....... #B
##.....<. #..
#........ ...
##<# #.c
####..#
#...###....##
#..S.@..####
...?#.##### .
.. ##


You could see a centaur, an adder and a giant cockroach.

Vanquished Creatures
  Terence (D:2)
  An adder (D:3)
  A dart slug (D:1)
  A ball python (D:1)
  2 endoplasms
  3 giant cockroaches (D:1)
  3 goblins
  A hobgoblin (D:1)
  A quokka (D:1)
  4 bats
  3 frilled lizards (D:1)
  3 kobolds
  2 rats
26 creatures vanquished.

Notes
Turn   | Place    | Note
-------+----------+-------------------------------------------
     0 | D:1      | MordorOrchid the Djinni Conjurer began the quest for the
                  | Orb.
     0 | D:1      | Reached XP level 1. HP: 15/15 MP: 0/0
    20 | D:1      | Found Pashinla's Assorted Antiques.
   288 | D:1      | Reached XP level 2. HP: 17/21 MP: 0/0
   965 | D:1      | Reached XP level 3. HP: 23/26 MP: 0/0
   965 | D:1      | Learned a level 1 spell: Animate Skeleton
  1500 | D:2      | Noticed Terence
  1513 | D:2      | Killed Terence
  1514 | D:2      | Reached skill level 1 in Fighting
  1514 | D:2      | Reached XP level 4. HP: 22/32 MP: 0/0
  2028 | D:3      | Reached skill level 4 in Spellcasting
  2071 | D:3      | Noticed a centaur
  2075 | D:3      | Shot with an arrow by a centaur

Illustrated notes

Levels and vault maps discovered:
D:1:      roderic_chinese_lattice_arrival, layout_basic, serial_shops,
          nicolae_shop_trees
D:2:      layout_basic, uniq_terence
D:3:      layout_rooms, shapermc_ecumenical_altar_totnotflames,
          lemuel_old_faithful

Skill      XL: |  1  2  3  4 |
---------------+-------------+-----
Fighting       | 1 |  1.1
Spellcasting   | 4 |  4.0
Dodging        | |  2.8
Stealth        | |  1.5

Action                   |  1- 3 |  4- 6 || total
-------------------------+-------+-------++-------
 Cast: Magic Dart        |    48 |     8 ||    56
       Searing Ray       |     1 |       ||     1
  Use: Scroll            |       |     2 ||     2
Armor: Robe              |     3 |       ||     3
Dodge: Dodged            |     5 |     2 ||     7

Table legend: (Time is in decaauts)
 A = Elapsed time spent in this place.
 B = Non-inter-level travel time spent in this place.
 C = Inter-level travel time spent in this place.
 D = Time resting spent in this place.
 E = Time spent auto-exploring this place.
 F = Levels seen in this place.
 G = Mean time per level.
                   A        B        C        D        E       F      G
               +--------+--------+--------+--------+--------+-----+--------+
         Total |   2073 |   2038 |     35 |      0 |   1888 |   3 |  691.0 |
       Dungeon |   2073 |   2038 |     35 |      0 |   1888 |   3 |  691.0 |
               +--------+--------+--------+--------+--------+-----+--------+

Top non-repeatable levels by time:
     D:1: 1134 daAuts
     D:2: 887 daAuts
     D:3: 51 daAuts
